 Dungeon Crawl Stone Soup version 0.31-a0-1-g4198be8af4 (webtiles) character file.

Game seed: 9327789241991500529

37 Morbidden the Charlatan (level 3, -4/29 HPs)
             Began as a Minotaur Artificer on May 1, 2023.
             Slain by Jessica
             ... wielding a +0 club
              (7 damage)
             ... on level 2 of the Dungeon.
             The game lasted 00:01:06 (1112 turns).

Morbidden the Charlatan (Minotaur Artificer)        Turns: 1112, Time: 00:01:06

Health: -4/29      AC:  3    Str: 16    XL:     3   Next: 21%
Magic:  2/2        EV: 11    Int: 10    God:
Gold:   85         SH:  0    Dex: 10    Spells: 2/2 levels left

rFire   . . .        a - +0 club
rCold   . . .        (no shield)
rNeg    . . .        b - +0 leather armour
rPois   .            (helmet restricted)
rElec   .            (no cloak)
rCorr   .            (no gloves)
SInv    .            (no boots)
Will    .....        (no amulet)
Stlth   +            (no ring)
HPRegen 0.24/turn    (no ring)
MPRegen 0.08/turn

%: no passive effects
@: no status effects
A: horns 2, retaliatory headbutt
a: no special abilities


You were on level 2 of the Dungeon.
You visited 1 branch of the dungeon, and saw 2 of its levels.

You collected 85 gold pieces.

Inventory:

Hand Weapons
 a - a +0 club (weapon)
Armour
 b - a +0 leather armour (worn)
Jewellery
 j - a ring of fire
Wands
 c - a wand of flame (15) (quivered)
 d - a wand of charming (15)
 e - a wand of iceblast (5)
Scrolls
 f - a scroll of blinking {unknown}
 g - a scroll of noise {unknown}
 i - a scroll of magic mapping {unknown}
Potions
 h - a potion of heal wounds {unknown}
 k - a potion of berserk rage {unknown}


   Skills:
 * Level 1.8 Fighting
 * Level 1.3 Maces & Flails
 * Level 2.4 Armour
 * Level 1.4 Dodging
 + Level 0.7 Stealth
 * Level 0.2 Spellcasting
 * Level 3.3 Evocations


You had 2 spell levels left.
You didn't know any spells.
Your spell library contained the following spells:

 Spells                   Type           Power      Damage    Failure   Level
 Dazzling Flash           Conj/Hex       0%         N/A       80%         3
 Volatile Blastmotes      Fire/Tloc      0%         2d10      80%         3
 Fulminant Prism          Conj/Hex       0%         3d5       99%         4
 Iskenderun's Mystic Bla  Conj/Tloc      0%         2d3       99%         4
 Lee's Rapid Deconstruct  Erth           0%         3d4*      100%        5
 Conjure Ball Lightning   Conj/Air       0%         3x3d6     100%        6
 Starburst                Conj/Fire      0%         6d3       100%        6
 Discord                  Hex            0%         N/A       100%        8
 Disjunction              Tloc           0%         N/A       100%        8


Dungeon Overview and Level Annotations

Branches:
Dungeon (2/15)

Altars:

Annotations:
D:2 Jessica


Innate Abilities, Weirdness & Mutations

You have a pair of horns on your head.
You reflexively headbutt those who attack you in melee.


Message History

Unknown command.
You are too injured to fight recklessly!
Unknown command.
You are too injured to fight recklessly!
Unknown command.
You are too injured to fight recklessly!
Unknown command.
You are too injured to fight recklessly!
Unknown command.
Unknown command.
The hobgoblin attacks as you move away! The hobgoblin closely misses you.
You barely miss the hobgoblin.
The hobgoblin hits you but does no damage.
You closely miss the hobgoblin. The hobgoblin closely misses you.
Jessica mumbles some strange words.
Jessica blinks!
The hobgoblin closely misses you. You furiously retaliate!
You headbutt the hobgoblin. You hit the hobgoblin but do no damage.
The hobgoblin is heavily wounded.
The hobgoblin hits you.
You closely miss the hobgoblin.
The hobgoblin is heavily wounded.
The hobgoblin barely misses you. You furiously retaliate!
You headbutt the hobgoblin!
You kill the hobgoblin!
Jessica gestures at you while chanting.
You barely resist. Jessica hits you with a +0 club.
You see here a hobgoblin corpse.
You hit Jessica.
Jessica is almost dead.
Jessica misses you.
Jessica gestures wildly.
Jessica hits you with a +0 club.
* * * LOW HITPOINT WARNING * * *
Unknown command.
You hit Jessica but do no damage.
Jessica is severely wounded.
Jessica closely misses you. Jessica hits you with a +0 club!
You die...

.....# ....+
....# ...#######
#........#
#........#
#........# #@#
#@# .
#.#########.. #
#............
#.#####..........
#....<...........
#....†...........
#.........)....#
#.......)......#
#..............#


You could see Jessica (fast).

Vanquished Creatures
  An orc (D:2)
  4 endoplasms (D:1)
  A giant cockroach (D:1)
  3 goblins (D:1)
  5 hobgoblins
  3 jackals (D:1)
  3 kobolds
  A quokka (D:1)
  A ball python (D:1)
  5 bats
  A frilled lizard (D:2)
  2 rats (D:1)
30 creatures vanquished.

Vanquished Creatures (others)
  4 plants (D:1)
4 creatures vanquished.

Grand Total: 34 creatures vanquished

Notes
Turn   | Place    | Note
-------+----------+-------------------------------------------
     0 | D:1      | Morbidden the Minotaur Artificer began the quest for the
                  | Orb.
     0 | D:1      | Reached XP level 1. HP: 16/16 MP: 0/0
   170 | D:1      | Reached skill level 3 in Evocations
   174 | D:1      | Reached XP level 2. HP: 2/23 MP: 1/1
   709 | D:1      | Reached skill level 1 in Maces & Flails
   885 | D:1      | Reached XP level 3. HP: 29/29 MP: 2/2
  1098 | D:2      | Noticed Jessica
  1112 | D:2      | Slain by Jessica

Illustrated notes

Levels and vault maps discovered:
D:1:      dpeg_arrival_rooms_c, layout_basic, minivault_11,
          minmay_misc_feat_doors, serial_bayou_ford_a
D:2:      kb_forest_paths, layout_basic, st_stairs_5, minmay_rat_gold_closets,
          uniq_jessica, uniq_robin

Skill      XL: |  1  2 |
---------------+-------+-----
Evocations     | 3 |  3.3
Maces & Flails | 1 |  1.3
Fighting       | |  1.8
Armour         | |  2.4
Dodging        | |  1.4
Stealth        | |  0.7
Spellcasting   | |  0.2

Action                     || total
---------------------------++-------
  Melee: Club              ||    89
         Headbutt          ||     7
         Punch             ||     1
 Armour: Leather armour    ||    43
  Dodge: Dodged            ||    50

Table legend: (Time is in decaauts)
 A = Elapsed time spent in this place.
 B = Non-inter-level travel time spent in this place.
 C = Inter-level travel time spent in this place.
 D = Time resting spent in this place.
 E = Time spent auto-exploring this place.
 F = Levels seen in this place.
 G = Mean time per level.
                   A        B        C        D        E       F      G
               +--------+--------+--------+--------+--------+-----+--------+
         Total |   1136 |   1110 |     26 |    310 |    605 |   2 |  568.0 |
       Dungeon |   1136 |   1110 |     26 |    310 |    605 |   2 |  568.0 |
               +--------+--------+--------+--------+--------+-----+--------+

Top non-repeatable levels by time:
     D:1: 1067 daAuts
     D:2: 69 daAuts
